 Dungeon Crawl Stone Soup version 0.23.2-30-g0e89c35649 (webtiles) character file.

Game seed: 2299514673983160353

1177 Kobolds4U the Carver (level 8, -3/64 HPs)
             Began as a Minotaur Fighter on June 10, 2019.
             Slain by an orc warrior
             ... wielding a +0 halberd
              (15 damage)
             ... on level 6 of the Dungeon.
             The game lasted 00:12:27 (5423 turns).

Kobolds4U the Carver (Minotaur Fighter)             Turns: 5423, Time: 00:12:28

Health: -3/64      AC: 11    Str: 22    XL:     8   Next: 18%
Magic:  7/7        EV:  8    Int:  5    God:
Gold:   320        SH:  9    Dex: 11    Spells: 7/7 levels left

rFire    . . .     SeeInvis .   a - +0 long sword
rCold    . . .     Gourm    .   c - +0 shield
rNeg     . . .     Faith    .   b - +0 scale mail
rPois    .         Spirit   .   v - +2 hat
rElec    .         Reflect  .   (no cloak)
rCorr    .         Harm     .   E - +0 pair of gloves
MR       .....                  w - +0 pair of boots
Stlth    ..........             (no amulet)
HPRegen  0.20/turn              l - +1 ring of evasion
MPRegen  0.10/turn              s - ring of flight

@: no status effects
A: retaliatory headbutt, horns 2
a: Evoke Flight


You were on level 6 of the Dungeon.
You were not hungry.

You visited 2 branches of the dungeon, and saw 7 of its levels.

You collected 320 gold pieces.

Inventory:

Hand Weapons
 a - a +0 long sword (weapon)
 G - the cursed +3 hand axe of the Ten Mice {distort, rF+++ Str+4}
   (You took it off an orc on level 6 of the Dungeon)

   It warps and distorts space around it.
   Unwielding it can cause banishment or high damage.
   It affects your strength (+4).
   It renders you almost immune to fire.
   It has a curse placed upon it.
Missiles
 g - 8 tomahawks
 p - 3 javelins of penetration (quivered)
 C - 2 javelins
Armour
 b - a +0 scale mail (worn)
 c - a +0 shield (worn)
 v - a +2 hat (worn)
 w - a +0 pair of boots (worn)
 E - a +0 pair of gloves (worn)
Jewellery
 l - a +1 ring of evasion (left hand)
 s - a ring of flight (right hand)
 y - a +2 ring of dexterity {unknown}
Scrolls
 h - 2 scrolls of fear {unknown}
 i - 6 scrolls of remove curse {unknown}
 j - 9 scrolls of identify {unknown}
 k - 5 scrolls of teleportation {unknown}
 n - a scroll of enchant weapon {unknown}
 q - 3 scrolls of blinking {unknown}
 r - 2 scrolls of magic mapping {unknown}
 t - a scroll of amnesia {unknown}
 u - a scroll of immolation {unknown}
 A - 2 scrolls of enchant armour {unknown}
 D - a scroll of fog {unknown}
Potions
 d - a potion of might
 e - 3 potions of flight {unknown}
 m - a potion of haste {unknown}
 o - 3 potions of curing {unknown}
 x - a potion of lignification {unknown}
 z - a potion of brilliance {unknown}
 B - a potion of berserk rage
Comestibles
 f - 14 rations
 F - 5 chunks of flesh


   Skills:
 - Level 3.6 Fighting
 + Level 10.2 Long Blades
 + Level 4.8 Throwing
 - Level 3.6 Armour
 - Level 3.6 Shields


You had 7 spell levels left.
You didn't know any spells.
Your spell library contained the following spells:

 Spells                   Type           Power        Failure   Level  Hunger
 Animate Skeleton         Necr           N/A          99%         1    ##.....
 Apportation              Tloc           #.....       99%         1    ##.....
 Confusing Touch          Hex            #.....       99%         1    ##.....
 Magic Dart               Conj           #...         99%         1    ##.....
 Summon Small Mammal      Summ           #...         99%         1    ##.....
 Searing Ray              Conj           #.....       100%        2    ###....
 Dazzling Spray           Conj/Hex       #.....       100%        3    ####...
 Force Lance              Conj/Tloc      #.......     100%        4    #####..
 Fulminant Prism          Conj/Hex       #.........   100%        4    #####..
 Iskenderun's Mystic Bla  Conj           #.......     100%        4    #####..


Dungeon Overview and Level Annotations

Branches:
Dungeon (6/15)             Temple (1/1) D:5

Altars:
Cheibriados
Dithmenos
Elyvilon
Fedhas
Gozag
Hepliaklqana
Makhleb
Nemelex Xobeh
Okawaru
Qazlal
Ru
Trog
Uskayaw
Wu Jian
Yredelemnul
Zin
The Shining One

Shops:
D:6 }

Annotations:
D:6 1 runed translucent door, MrMeerkat's ghost, novice MiBe


Innate Abilities, Weirdness & Mutations

You reflexively headbutt those who attack you in melee.
You have a pair of horns on your head.


Message History

You are too injured to fight recklessly!
Unknown command.
The orc warrior hits you with a +0 halberd.
The centaur unwields a +0 shortbow.
You block the centaur's attack.
The orc warrior hits you with a +0 halberd!
* * * LOW HITPOINT WARNING * * *
You block the centaur's attack.
Items here: )))) [[[ †† You hit the centaur.
You headbutt the centaur!
The centaur is heavily wounded.
The centaur hits you but does no damage.
You block the orc warrior's attack. You block the centaur's attack.
You slash the centaur!
You kill the centaur!
You feel yourself speed up. You block the orc warrior's attack.
You hit the orc warrior. Your headbutt misses the orc warrior.
The orc warrior is lightly wounded.
The orc warrior hits you with a +0 halberd!
You die...

.....####
#.#..'∩'.####.####.#
.....#
#.###.#'##..##.####.#
..#### #.#
##....#......##.# ..# ##
##.##.#####.#.##.# ..#
#.###.#####.#.##.# ..
#######..##............#
≈≈≈≈≈l#..##########.####
≈[≈≈wW+..#### #.#
≈≈≈≈lF#..(@)# #.#
#######..##o.....##.####
#.#.# ......##....#
#.###. ......#####.# ##
##......# .# ......# >#
####### .# ##


You could see an orc warrior, a bullfrog, a worm, MrMeerkat's ghost and 2
leopard geckos.

Vanquished Creatures
  A sky beast (D:5)
  3 ogres
  A centaur (D:6)
  A bullfrog (D:3)
  2 scorpions
  2 crimson imps (D:5)
  A hound (D:4)
  A jelly (D:6)
  An orc priest (D:3)
  A bullfrog skeleton (D:5)
  Jessica (D:3)
  5 orc wizards
  A worker ant (D:5)
  Robin (D:2)
  5 adders
  2 oozes
  An adder zombie (D:5)
  6 worms
  3 dart slugs
  4 leopard geckos
  11 orcs
  3 ball pythons
  8 giant cockroaches
  19 goblins
  13 hobgoblins
  7 jackals
  9 kobolds
  9 bats
  8 frilled lizards
  9 rats
  2 plants (D:5)
141 creatures vanquished.

Vanquished Creatures (others)
  A kobold (D:3)
  4 toadstools (D:1)
5 creatures vanquished.

Grand Total: 146 creatures vanquished

Notes
Turn   | Place    | Note
-------+----------+-------------------------------------------
     0 | D:1      | Kobolds4U the Minotaur Fighter began the quest for the Orb.
     0 | D:1      | Reached XP level 1. HP: 19/19 MP: 0/0
    35 | D:1      | Reached skill level 3 in Long Blades
   160 | D:1      | Reached XP level 2. HP: 26/26 MP: 1/1
   393 | D:1      | Reached skill level 4 in Long Blades
   433 | D:1      | Reached XP level 3. HP: 24/31 MP: 2/2
  1148 | D:2      | Noticed Robin
  1152 | D:2      | Reached skill level 5 in Long Blades
  1167 | D:2      | Reached XP level 4. HP: 19/39 MP: 3/3
  1254 | D:2      | Killed Robin
  1856 | D:3      | Reached skill level 6 in Long Blades
  1908 | D:3      | Found a sacrificial altar of Ru.
  1946 | D:3      | Noticed a bullfrog
  1951 | D:3      | Killed a bullfrog
  1951 | D:3      | Reached XP level 5. HP: 43/45 MP: 4/4
  2012 | D:3      | Found a white marble altar of Elyvilon.
  2069 | D:3      | Reached skill level 7 in Long Blades
  2113 | D:3      | Found a stormy altar of Qazlal.
  2147 | D:3      | Noticed Jessica
  2156 | D:3      | Killed Jessica
  2156 | D:3      | Reached XP level 6. HP: 20/51 MP: 5/5
  2476 | D:3      | Found a hide-covered altar of Uskayaw.
  2503 | D:3      | Noticed a moth of wrath
  2506 | D:3      | Found a bloodstained altar of Trog.
  2953 | D:4      | Reached skill level 8 in Long Blades
  3138 | D:4      | Reached skill level 1 in Throwing
  3473 | D:4      | You fall through a shaft!
  3473 | D:5      | Entered Level 5 of the Dungeon
  3473 | D:5      | Found a blossoming altar of Fedhas.
  3798 | D:5      | Reached XP level 7. HP: 57/57 MP: 6/6
  3914 | D:5      | Reached skill level 9 in Long Blades
  4377 | D:5      | Found a staircase to the Ecumenical Temple.
  4499 | Temple   | Entered the Ecumenical Temple
  4994 | D:5      | Found an opulent altar of Gozag.
  4994 | D:5      | Found a sparkling altar of Nemelex Xobeh.
  5291 | D:6      | Identified the cursed +3 hand axe of the Ten Mice {distort,
                  | rF+++ Str+4}
  5298 | D:6      | Reached skill level 10 in Long Blades
  5298 | D:6      | Reached XP level 8. HP: 61/64 MP: 7/7
  5326 | D:6      | Found Gival's Gadget Shoppe.
  5399 | D:6      | Found a runed translucent door.
  5402 | D:6      | Noticed MrMeerkat's ghost (novice MiBe)
  5423 | D:6      | Slain by an orc warrior

Skill      XL: |  1  2  3  4  5  6  7 |
---------------+----------------------+-----
Long Blades    | 3 4 5 6 7 8 10 | 10.2
Throwing       | 2 4 |  4.8
Fighting       | |  3.6
Armour         | |  3.6
Shields        | |  3.6

Action                   |  1- 3 |  4- 6 |  7- 9 || total
-------------------------+-------+-------+-------++-------
Melee: Long sword        |    93 |   231 |    90 ||   414
       Headbutt          |    16 |    56 |    14 ||    86
Throw: Javelin           |       |       |     1 ||     1
  Eat: Chunk             |     1 |     9 |     5 ||    15
Armor: Scale mail        |    49 |    63 |    28 ||   140
Dodge: Dodged            |    35 |    44 |    12 ||    91
Block: Shield            |    56 |    90 |    54 ||   200
       Rpst.: Long sword |    11 |    13 |     4 ||    28
